PCL
SACRAMENTO RIVER CATS @ IOWA CUBS
05/11/2099
 
TOP OF THE 1ST
Sacramento River Cats batting - Pitching for Iowa Cubs : RHP Josh Bushman
Pitching: RHP Josh Bushman
Batting: RHB Brendan Morris 0-0: Ball
1-0: Ground out U3 (Groundball, 34S, EV 71.3 MPH)
Batting: RHB Jason Flores 0-0: Ball
1-0: Ball
2-0: SINGLE (Groundball, 34D, EV 102.5 MPH)
Batting: LHB Marcos Iniguez 0-0: Ball
1-0: Foul Ball, location: 2F
1-1: Foul Ball, location: 7LSF
1-2: Ball
2-2: Foul Ball, location: 25F
2-2: Strikes out looking
Batting: RHB Greg Schaefer 0-0: Swinging Strike
0-1: Foul Ball, location: 9LDF
0-2: Foul Ball, location: 5FF
0-2: Ball
1-2: Fly out, F7 (Flyball, 7S, EV 74.4 MPH)
Top of the 1st over - 0 runs, 1 hit, 0 errors, 1 left on base; Sacramento 0 - Iowa 0
BOTTOM OF THE 1ST
Iowa Cubs batting - Pitching for Sacramento River Cats : RHP Jesus Argona
Pitching: RHP Jesus Argona
Batting: RHB Jeremy Piland 0-0: Called Strike
0-1: Ball
1-1: Ball
2-1: Ground out 6-3 (Groundball, 6, EV 82.5 MPH)
Batting: RHB John Borchardt 0-0: Called Strike
0-1: Ball
1-1: Ball
2-1: Ground out 4-3 (Groundball, 4, EV 91.3 MPH)
Batting: RHB Jonathan Stooksberry 0-0: Called Strike
0-1: Swinging Strike
0-2: Strikes out swinging
Bottom of the 1st over - 0 runs, 0 hits, 0 errors, 0 left on base; Sacramento 0 - Iowa 0
TOP OF THE 2ND
Sacramento River Cats batting - Pitching for Iowa Cubs : RHP Josh Bushman
Batting: RHB Kenny Giancola 0-0: Ball
1-0: Fly out, F4 (Popup, 4S, EV 63.1 MPH)
Batting: RHB Miles Carr 0-0: SINGLE (Groundball, 4M, EV 103.1 MPH) (infield hit)
Batting: RHB Elvin Reiss 0-0: Ball
1-0: Foul Ball, location: 3FF
1-1: Ball
2-1: Fly out, F3 (Popup, 3F, EV 57.5 MPH)
Batting: SHB Jody Tomko 0-0: Called Strike
0-1: Ball
1-1: Foul Ball, location: 7LSF
1-2: Ground out 4-3 (Groundball, 34S, EV 92.5 MPH)
Top of the 2nd over - 0 runs, 1 hit, 0 errors, 1 left on base; Sacramento 0 - Iowa 0
BOTTOM OF THE 2ND
Iowa Cubs batting - Pitching for Sacramento River Cats : RHP Jesus Argona
Batting: RHB Jaylin Tillman 0-0: Ball
1-0: Called Strike
1-1: DOUBLE (Flyball, 78XD, EV 107.5 MPH)
Batting: RHB Kent Pease 0-0: Ball
1-0: Ball
2-0: Called Strike
2-1: Ball
3-1: Swinging Strike
3-2: Foul Ball, location: 2F
3-2: Foul Ball, location: 23F
3-2: Base on Balls
Batting: RHB Ron Owings 0-0: Called Strike
0-1: Ball
1-1: Grounds into double play, 3-6-3 (Groundball, 34, EV 88.1 MPH)
Jaylin Tillman to third
Batting: RHB Ryan Helsel 0-0: Called Strike
0-1: Foul Ball, location: 9LSF
0-2: SINGLE (Groundball, 6MD, EV 95.6 MPH)
Jaylin Tillman scores
Batting: LHB Jim Unknown 0-0: Called Strike
0-1: Ball
1-1: Swinging Strike
1-2: Ball
2-2: SINGLE (Groundball, 34D, EV 106.9 MPH)
Ryan Helsel to second
Runner from 2nd tries for 3rd, SAFE, no throw by RF
Batting: RHB Jim Unknown 0-0: Ball
1-0: Ball
2-0: Swinging Strike
2-1: Fly out, F7 (Flyball, 7S, EV 96.9 MPH)
Bottom of the 2nd over - 1 run, 3 hits, 0 errors, 2 left on base; Sacramento 0 - Iowa 1
TOP OF THE 3RD
Sacramento River Cats batting - Pitching for Iowa Cubs : RHP Josh Bushman
Batting: RHB Josh Naguib 0-0: Called Strike
0-1: Foul Ball, location: 9LMF
0-2: Strikes out swinging
Batting: RHB Brendan Morris 0-0: Called Strike
0-1: Swinging Strike
0-2: Ball
1-2: Ball
2-2: Strikes out swinging
Batting: RHB Jason Flores 0-0: Ball
1-0: Ball
2-0: Fly out, F8 (Line Drive, 8LD, EV 92.5 MPH)
Top of the 3rd over - 0 runs, 0 hits, 0 errors, 0 left on base; Sacramento 0 - Iowa 1
BOTTOM OF THE 3RD
Iowa Cubs batting - Pitching for Sacramento River Cats : RHP Jesus Argona
Batting: RHB Jeremy Piland 0-0: Ball
1-0: Swinging Strike
1-1: Ball
2-1: Foul Ball, location: 2F
2-2: Foul Ball, location: 2F
2-2: Strikes out looking and he ARGUES THE CALL AND IS TOSSED!
Batting: RHB John Borchardt 0-0: Ball
1-0: Called Strike
1-1: Foul Ball, location: 7LDF
1-2: Ball
2-2: Ball
3-2: Strikes out looking
Batting: RHB Jonathan Stooksberry 0-0: Ball
1-0: Swinging Strike
1-1: Swinging Strike
1-2: Strikes out swinging
Bottom of the 3rd over - 0 runs, 0 hits, 0 errors, 0 left on base; Sacramento 0 - Iowa 1
TOP OF THE 4TH
Sacramento River Cats batting - Pitching for Iowa Cubs : RHP Josh Bushman
Now in LF: Jim Unknown
Batting: LHB Marcos Iniguez 0-0: Called Strike
0-1: Ball
1-1: Ball
2-1: Ball
3-1: Swinging Strike
3-2: Base on Balls
Batting: RHB Greg Schaefer 0-0: Called Strike
0-1: Ball
1-1: SINGLE (Groundball, 4MD, EV 98.1 MPH)
Marcos Iniguez to second
Runner from 2nd tries for 3rd, SAFE, no throw by CF
Batting: RHB Kenny Giancola 0-0: Foul Ball, location: 25F
0-1: Called Strike
0-2: Ball
1-2: SINGLE (Line Drive, 8LS, EV 98.1 MPH)
Marcos Iniguez scores
Greg Schaefer to second
Batting: RHB Miles Carr 0-0: Fly out, F6 (Line Drive, 6, EV 75.6 MPH)
Lined into DP, 6-4 (Line Drive, 6, EV 75.6 MPH)
Batting: RHB Elvin Reiss 0-0: Ball
1-0: Foul Ball, location: 2F
1-1: Called Strike
1-2: Ball
2-2: Ground out 1-3 (Groundball, 15, EV 68.8 MPH)
Top of the 4th over - 1 run, 2 hits, 0 errors, 1 left on base; Sacramento 1 - Iowa 1
BOTTOM OF THE 4TH
Iowa Cubs batting - Pitching for Sacramento River Cats : RHP Jesus Argona
Batting: RHB Jaylin Tillman 0-0: Fly out, F8 (Line Drive, 8RD, EV 103.8 MPH)
Batting: RHB Kent Pease 0-0: Ball
1-0: Called Strike
1-1: Ball
2-1: Swinging Strike
2-2: Strikes out swinging
Batting: RHB Ron Owings 0-0: Called Strike
0-1: Ball
1-1: Ground out 6-3 (Groundball, 6S, EV 82.5 MPH)
Bottom of the 4th over - 0 runs, 0 hits, 0 errors, 0 left on base; Sacramento 1 - Iowa 1
TOP OF THE 5TH
Sacramento River Cats batting - Pitching for Iowa Cubs : RHP Josh Bushman
Batting: SHB Jody Tomko 0-0: Ball
1-0: Ball
2-0: Ball
3-0: Called Strike
3-1: Foul Ball, location: 3F
3-2: Strikes out swinging
Batting: RHB Josh Naguib 0-0: Called Strike
0-1: Foul Ball, location: 25FF
0-2: SINGLE (Line Drive, 78S, EV 100.0 MPH)
Batting: RHB Brendan Morris 0-0: Ground out 4-3 (Groundball, 34, EV 80.6 MPH)
Josh Naguib to second
Batting: RHB Jason Flores 0-0: Called Strike
0-1: Swinging Strike
0-2: Ball
1-2: Foul Ball, location: 2F
1-2: Foul Ball, location: 2RF
1-2: Ground out 6-3 (Groundball, 6S, EV 86.9 MPH)
Top of the 5th over - 0 runs, 1 hit, 0 errors, 1 left on base; Sacramento 1 - Iowa 1
BOTTOM OF THE 5TH
Iowa Cubs batting - Pitching for Sacramento River Cats : RHP Jesus Argona
Batting: RHB Ryan Helsel 0-0: Foul Ball, location: 2F
0-1: Swinging Strike
0-2: Ball
1-2: Ball
2-2: Fly out, F7 (Flyball, 7LM, EV 93.8 MPH)
Batting: LHB Jim Unknown 0-0: Called Strike
0-1: Ball
1-1: Swinging Strike
1-2: Strikes out swinging
Batting: RHB Jim Unknown 0-0: Called Strike
0-1: SINGLE (Groundball, 4MD, EV 96.9 MPH)
Batting: LHB Jim Unknown 0-0: Called Strike
0-1: Fly out, F7 (Flyball, 7, EV 96.3 MPH)
Bottom of the 5th over - 0 runs, 1 hit, 0 errors, 1 left on base; Sacramento 1 - Iowa 1
TOP OF THE 6TH
Sacramento River Cats batting - Pitching for Iowa Cubs : RHP Josh Bushman
Batting: LHB Marcos Iniguez 0-0: Ball
1-0: Fly out, F8 (Line Drive, 8RM, EV 96.3 MPH)
Batting: RHB Greg Schaefer 0-0: Ball
1-0: Called Strike
1-1: Swinging Strike
1-2: Foul Ball, location: 5DF
1-2: Foul Ball, location: 2LF
1-2: Ball
2-2: SOLO HOME RUN (Flyball, 9LD, EV 90.0 MPH), Distance : 342 ft
Batting: RHB Kenny Giancola 0-0: Ball
1-0: Fly out, F4 (Popup, 4MD, EV 67.5 MPH)
Batting: RHB Miles Carr 0-0: Called Strike
0-1: Ball
1-1: Foul Ball, location: 3DF
1-2: Strikes out swinging
Top of the 6th over - 1 run, 1 hit, 0 errors, 0 left on base; Sacramento 2 - Iowa 1
BOTTOM OF THE 6TH
Iowa Cubs batting - Pitching for Sacramento River Cats : RHP Jesus Argona
Batting: RHB John Borchardt 0-0: Ground out 5-3 (Groundball, 5, EV 85.6 MPH)
Batting: RHB Jonathan Stooksberry 0-0: Called Strike
0-1: Ball
1-1: Ball
2-1: Ball
3-1: Base on Balls
Batting: RHB Jaylin Tillman 0-0: Called Strike
0-1: Swinging Strike
0-2: Strikes out swinging
Batting: RHB Kent Pease 0-0: Swinging Strike
0-1: SINGLE (Groundball, 4MD, EV 100.0 MPH)
Jonathan Stooksberry to second
Batting: RHB Ron Owings 0-0: Ball
1-0: Ball
2-0: Fielders Choice at 2nd, 6-4 (Groundball, 6, EV 100.0 MPH)
Bottom of the 6th over - 0 runs, 1 hit, 0 errors, 2 left on base; Sacramento 2 - Iowa 1
TOP OF THE 7TH
Sacramento River Cats batting - Pitching for Iowa Cubs : RHP Josh Bushman
Batting: RHB Elvin Reiss 0-0: Swinging Strike
0-1: Foul Ball, location: 5FF
0-2: Foul Ball, location: 5F
0-2: Ball
1-2: Fly out, F9 (Flyball, 89M, EV 91.9 MPH)
Batting: SHB Jody Tomko 0-0: Foul Ball, location: 5SF
0-1: Ball
1-1: Ball
2-1: Foul Ball, location: 2RF
2-2: Foul Ball, location: 7LMF
2-2: Foul Ball, location: 2F
2-2: Strikes out looking
Batting: RHB Josh Naguib 0-0: Called Strike
0-1: Foul Ball, location: 9LDF
0-2: Ground out 5-3 (Groundball, 56, EV 90.6 MPH)
Top of the 7th over - 0 runs, 0 hits, 0 errors, 0 left on base; Sacramento 2 - Iowa 1
BOTTOM OF THE 7TH
Iowa Cubs batting - Pitching for Sacramento River Cats : RHP Jesus Argona
Now at 2B: Antonio Corral
Batting: RHB Ryan Helsel 0-0: Called Strike
0-1: Swinging Strike
0-2: Foul Ball, location: 9LDF
0-2: Ground out 6-3 (Groundball, 6, EV 80.0 MPH)
Pitching: LHP John Quinonez
Batting: LHB Jim Unknown 0-0: Ball
1-0: Ball
2-0: Ball
3-0: Called Strike
3-1: Called Strike
3-2: SINGLE (Groundball, 34D, EV 105.0 MPH)
Batting: RHB Jim Unknown 0-0: Fly out, F7 (Flyball, 7, EV 87.5 MPH)
Pinch Hitting: LHB Jim Unknown 0-0: Ball
1-0: Ground out 4-3 (Groundball, 4, EV 96.9 MPH)
Bottom of the 7th over - 0 runs, 1 hit, 0 errors, 1 left on base; Sacramento 2 - Iowa 1
TOP OF THE 8TH
Sacramento River Cats batting - Pitching for Iowa Cubs : RHP Josh Bushman
Pitching: LHP Dustin Case
Now in LF: John Borchardt
Now in RF: Jim Unknown
Batting: RHB Brendan Morris 0-0: Ball
1-0: Called Strike
1-1: Ball
2-1: Swinging Strike
2-2: Strikes out swinging
Batting: RHB Jason Flores 0-0: Called Strike
0-1: Foul Ball, location: 2LF
0-2: Ball
1-2: Strikes out swinging
Batting: LHB Marcos Iniguez 0-0: Ground out 4-3 (Groundball, 4, EV 87.5 MPH)
Top of the 8th over - 0 runs, 0 hits, 0 errors, 0 left on base; Sacramento 2 - Iowa 1
BOTTOM OF THE 8TH
Iowa Cubs batting - Pitching for Sacramento River Cats : LHP John Quinonez
Pitching: RHP Randy Misener
Now at 3B: Raul Arellano
Batting: RHB John Borchardt 0-0: Ball
1-0: Called Strike
1-1: Called Strike
1-2: Ball
2-2: Foul Ball, location: 2F
2-2: Ball
3-2: Foul Ball, location: 9LMF
3-2: Strikes out looking
Batting: RHB Jonathan Stooksberry 0-0: Foul Ball, location: 9LSF
0-1: Foul Ball, location: 2F
0-2: Fly out, F3 (Popup, 3S, EV 81.9 MPH)
Batting: RHB Jaylin Tillman 0-0: Ball
1-0: Called Strike
1-1: Ball
2-1: Ground out 6-3 (Groundball, 6M, EV 108.1 MPH)
Bottom of the 8th over - 0 runs, 0 hits, 0 errors, 0 left on base; Sacramento 2 - Iowa 1
TOP OF THE 9TH
Sacramento River Cats batting - Pitching for Iowa Cubs : LHP Dustin Case
Batting: RHB Greg Schaefer 0-0: Foul Ball, location: 2F
0-1: Foul Ball, location: 2F
0-2: Ball
1-2: Strikes out swinging
Batting: RHB Kenny Giancola 0-0: Ball
1-0: Foul Ball, location: 2F
1-1: Foul Ball, location: 23F
1-2: Ball
2-2: Strikes out swinging
Batting: RHB Miles Carr 0-0: Fly out, F9 (Flyball, 9, EV 89.4 MPH)
Top of the 9th over - 0 runs, 0 hits, 0 errors, 0 left on base; Sacramento 2 - Iowa 1
BOTTOM OF THE 9TH
Iowa Cubs batting - Pitching for Sacramento River Cats : RHP Randy Misener
Batting: RHB Kent Pease 0-0: Ball
1-0: Foul Ball, location: 23F
1-1: Foul Ball, location: 9LDF
1-2: Strikes out swinging
Batting: RHB Ron Owings 0-0: Called Strike
0-1: Foul Ball, location: 5FF
0-2: Foul Ball, location: 9LSF
0-2: Foul Ball, location: 25F
0-2: Fly out, F8 (Flyball, 8RD, EV 90.6 MPH)
Batting: RHB Ryan Helsel 0-0: Ball
1-0: Ball
2-0: Called Strike
2-1: Ball
3-1: Base on Balls
Pitching: LHP Zack Byrd
Batting: LHB Jim Unknown 0-0: Ball
1-0: Called Strike
1-1: Called Strike
1-2: Ball
2-2: Ball
3-2: Base on Balls
Ryan Helsel to second
Batting: RHB Jim Unknown 0-0: Ball
1-0: Called Strike
1-1: Swinging Strike
1-2: Strikes out swinging
Bottom of the 9th over - 0 runs, 0 hits, 0 errors, 2 left on base; Sacramento 2 - Iowa 1
Monday, May 6th , 2024 - OOTP Baseball 24.11 Build 85